 Dungeon Crawl Stone Soup version 0.30-a0-912-ge10d75a369 (webtiles) character file.

Game seed: 17881606237179439520

419 Grim the Vexing (level 6, -3/28 HPs)
             Began as a Spriggan Enchanter on Mar 19, 2023.
             Killed by divine providence
             ... invoked by an orc priest
              (17 damage)
             ... on level 5 of the Dungeon.
             The game lasted 00:10:56 (4794 turns).

Grim the Vexing (Spriggan Enchanter)                Turns: 4794, Time: 00:10:57

Health: -3/28      AC:  5    Str:  4    XL:     6   Next: 62%
Magic:  6/11       EV: 17    Int: 18    God:
Gold:   56         SH:  4    Dex: 16    Spells: 2/10 levels left

rFire   + . .      SeeInvis +    a - +1 dagger
rCold   . . .      Faith    .    (no shield)
rNeg    . . .      Spirit   .    p - +3 robe of Dice, Bag, and Bottle {rF+ Will+}
rPois   +          Reflect  .    (helmet restricted)
rElec   .          Rampage  .    (no cloak)
rCorr   +                        (gloves unavailable)
Will    ++...                    (boots unavailable)
Stlth   +++                      (no amulet)
HPRegen 0.24/turn                j - ring of poison resistance
MPRegen 0.12/turn                k - ring of resist corrosion

@: very quick
A: very small, no large weapons, unfitting armour, see invisible, speed 3,
antennae 1, large bone plates 1
a: no special abilities


You were on level 5 of the Dungeon.
You visited 2 branches of the dungeon, and saw 6 of its levels.

You collected 306 gold pieces.
You spent 250 gold pieces at shops.

Inventory:

Hand Weapons
 a - a +1 dagger (weapon)
Armour
 b - a +0 robe
 p - the +3 robe of Dice, Bag, and Bottle (worn) {rF+ Will+}
   (You bought it in a shop on level 4 of the Dungeon)

   rF:        It protects you from fire.
   Will:      It increases your willpower.
 q - the +2 robe "Gozuf" {Will+}
   (You bought it in a shop on level 4 of the Dungeon)

   Will:      It increases your willpower.
Jewellery
 j - a ring of poison resistance (left hand)
 k - a ring of resist corrosion (right hand)
 r - a ring of protection from fire
Scrolls
 d - 2 scrolls of fear {unknown}
 e - a scroll of fog {unknown}
 f - 6 scrolls of identify {unknown}
 g - a scroll of noise {unknown}
 i - 2 scrolls of magic mapping {unknown}
 l - a scroll of poison {unknown}
 o - a scroll of teleportation {unknown}
Potions
 c - 2 potions of invisibility
 h - 3 potions of degeneration {!q}
 m - 2 potions of flight {unknown}
 n - a potion of attraction {unknown}
 s - a potion of curing
 t - a potion of lignification {unknown}


   Skills:
 - Level 2.6 Short Blades
 - Level 3.0 Dodging
 + Level 6.4 Stealth
 - Level 2.6 Spellcasting
 * Level 7.5 Hexes
 - Level 0.7 Ice Magic


You had 2 spell levels left.
You knew the following spells:

 Your Spells              Type           Power      Damage    Failure   Level
a - Ensorcelled Hibernat  Hex/Ice        34%        N/A       4%          2
b - Confusing Touch       Hex            29%        N/A       2%          3
c - Tukima's Dance        Hex            29%        N/A       2%          3

Your spell library contained the following spells:

 Spells                   Type           Power      Damage    Failure   Level
 Blink                    Tloc           4%         N/A       26%         2
 Lesser Beckoning         Tloc           4%         N/A       26%         2
 Momentum Strike          Conj/Tloc      4%         3d8       26%         2
 Dazzling Flash           Conj/Hex       30%        N/A       11%         3
 Fulminant Prism          Conj/Hex       7%         3d6       34%         4
 Ozocubu's Armour         Ice            5%         N/A       36%         3
 Gell's Gravitas          Tloc           2%         N/A       45%         3
 Kindle Blastsparks       Fire/Tloc/Air  4%         2d10      45%         3
 Teleport Other           Tloc           2%         N/A       45%         3
 Animate Dead             Necr           2%         N/A       86%         4
 Iskenderun's Mystic Bla  Conj/Tloc      2%         2d3       86%         4
 Borgnjor's Vile Clutch   Necr/Erth      1%         N/A       99%         5
 Lee's Rapid Deconstruct  Erth           1%         3d4*      99%         5
 Death Channel            Necr           1%         N/A       100%        6
 Ozocubu's Refrigeration  Ice            2%         4d8       100%        7


Dungeon Overview and Level Annotations

Branches:
Dungeon (5/15)             Temple (1/1) D:4

Altars:
Ashenzari
Cheibriados
Fedhas
Hepliaklqana
Kikubaaqudgha
Makhleb
Nemelex Xobeh
Okawaru
Qazlal
Ru
Sif Muna
Trog
Uskayaw
Wu Jian
Yredelemnul

Shops:
D:4 [


Innate Abilities, Weirdness & Mutations

You are very small and have problems with some larger weapons.
You are too small for most types of armour.
You have supernaturally acute eyesight. (SInv)
You cover ground extremely quickly. (Speed+++)
You have a pair of small antennae on your head.
You are partially covered in large bone plates. (SH +4)


Message History

You block Blork the orc's attack. x2
An orc comes into view. It is wielding a +0 club.
You catch the helpless Blork the orc completely off-guard!
You impale Blork the orc!!
Blork the orc is severely wounded.
Blork the orc misses you.
You hit Blork the orc.
Blork the orc is severely wounded.
Blork the orc completely misses you.
Your +0 war axe hits Blork the orc!
You completely miss Blork the orc.
Blork the orc is almost dead.
The orc throws a stone.
The stone hits your +0 war axe but does no damage.
You see here an amethyst potion.
You hit Blork the orc but do no damage.
Blork the orc is almost dead.
Blork the orc grins madly.
You hit Blork the orc.
You punch Blork the orc, but do no damage.
Blork the orc is almost dead.
The orc throws a stone.
The stone barely misses your +0 war axe.
The stone hits you but does no damage.
An orc priest comes into view. It is wielding a +2 hand axe of venom.
You hit Blork the orc.
You kill Blork the orc!
An orc comes into view. It is wielding a +0 club.
The orc priest begins to cast a cantrip, but forgets the words!
An orc priest comes into view. It is wielding a +0 mace.
Your +0 war axe hits the orc!
The orc dies!
The orc priest calls down the wrath of Beogh upon you.
Beogh smites you!
Ouch! That really hurt!
* * * LOW HITPOINT WARNING * * *
The orc priest looks braver for a moment.
The orc priest invokes the aid of Beogh against you.
Beogh smites you!
Ouch! That really hurt!
You die...

#..<...# #...(.## #.....#
#.....## #......# #####
#....... #########...##
##.#.##.
#......[.....########.#.##.
#.!..@...........#....
#.()..................
#........#############
#o#.....## ## #..o#...## #.
.!......... #.
.o........... #
?.##.######..


You could see 3 orc priests and a friendly +0 war axe.

Vanquished Creatures
  A sky beast (D:4)
  Blork the orc (D:5)
  A hound (D:5)
  A jelly (D:4)
  6 gnolls (D:3)
  6 adders
  2 worms (D:3)
  2 dart slugs (D:3)
  5 orcs
  7 endoplasms
  3 giant cockroaches (D:4)
  5 hobgoblins
  4 jackals
  7 kobolds
  2 quokkas (D:1)
  9 ball pythons
  3 bats
  2 frilled lizards
  9 goblins
  5 rats
81 creatures vanquished.

Vanquished Creatures (collateral kills)
  An orc (D:5)
1 creature vanquished.

Vanquished Creatures (others)
  A dancing weapon (D:3)
1 creature vanquished.

Grand Total: 83 creatures vanquished

Notes
Turn   | Place    | Note
-------+----------+-------------------------------------------
     0 | D:1      | Grim the Spriggan Enchanter began the quest for the Orb.
     0 | D:1      | Reached XP level 1. HP: 9/9 MP: 5/5
     1 | D:1      | Noticed an electric eel
   140 | D:1      | Reached XP level 2. HP: 13/13 MP: 6/6
   160 | D:1      | Learned a level 2 spell: Ensorcelled Hibernation
   827 | D:1      | Reached skill level 4 in Hexes
  1190 | D:2      | Reached skill level 5 in Stealth
  1190 | D:2      | Reached XP level 3. HP: 8/16 MP: 1/8
  1353 | D:2      | Gained mutation: You are partially covered in large bone
                  | plates. (SH +4) [potion of mutation]
  1353 | D:2      | Gained mutation: You have a pair of small antennae on your
                  | head. [potion of mutation]
  1629 | D:2      | Learned a level 3 spell: Confusing Touch
  1999 | D:3      | Reached XP level 4. HP: 13/21 MP: 2/9
  2079 | D:3      | Learned a level 3 spell: Tukima's Dance
  2171 | D:3      | Reached skill level 5 in Hexes
  2444 | D:3      | Reached XP level 5. HP: 24/24 MP: 0/10
  2808 | D:3      | Found an ancient bone altar of Kikubaaqudgha.
  2808 | D:3      | Found a faded altar of an unknown god.
  2816 | D:3      | Found a broken altar of Ashenzari.
  2818 | D:3      | Found a shimmering blue altar of Sif Muna.
  2820 | D:3      | Found a faded altar of an unknown god.
  2988 | D:3      | Reached skill level 6 in Hexes
  3298 | D:4      | Found a staircase to the Ecumenical Temple.
  3308 | Temple   | Entered the Ecumenical Temple
  3661 | D:4      | Noticed a sky beast
  3802 | D:4      | Killed a sky beast
  3919 | D:4      | Reached XP level 6. HP: 28/28 MP: 11/11
  4206 | D:4      | Found Hythreet's Antique Armour Shoppe.
  4397 | D:4      | Bought a smoking robe for 125 gold pieces
  4397 | D:4      | Identified the +3 robe of Dice, Bag, and Bottle {rF+ Will+}
                  | (You bought it in a shop on level 4 of the Dungeon)
  4397 | D:4      | Bought a colourful robe for 125 gold pieces
  4397 | D:4      | Identified the +2 robe "Gozuf" {Will+} (You bought it in a
                  | shop on level 4 of the Dungeon)
  4511 | D:5      | Entered Level 5 of the Dungeon
  4645 | D:5      | Reached skill level 7 in Hexes
  4776 | D:5      | Noticed Blork the orc
  4791 | D:5      | Killed Blork the orc
  4794 | D:5      | Killed from afar by an orc priest

Illustrated notes

Levels and vault maps discovered:
D:1:      arrival_aquarium_a, layout_loops_cross
D:2:      layout_rooms
D:3:      layout_loops_ring, chequers_temple_overflow_minitemple
D:4:      layout_basic, minmay_temple_entry_gardened_gates, serial_shops,
          nicolae_inconvenience_store, chequers_serial_rivers_micro_c,
          kennysheep_generic_room_10
D:5:      layout_loops_ring, uniq_blork_the_orc
Temple:   hellmonk_temple_flake

Skill      XL: |  1  2  3  4  5  6 |
---------------+-------------------+-----
Short Blades   | 2 |  2.6
Hexes          | 4 5 6 7 |  7.5
Stealth        | 5 6 |  6.4
Dodging        | 3 |  3.0
Spellcasting   | |  2.6
Ice Magic      | |  0.7

Action                     |  1- 3 |  4- 6 || total
---------------------------+-------+-------++-------
  Melee: Dagger            |    98 |   127 ||   225
         Punch             |     1 |     3 ||     4
   Cast: Ensorcelled Hiber |    22 |    28 ||    50
         Confusing Touch   |     2 |     5 ||     7
         Tukima's Dance    |       |     3 ||     3
    Use: Potion            |     3 |       ||     3
   Stab: Sleeping          |    22 |    23 ||    45
         Confused          |       |     5 ||     5
 Armour: Robe              |     4 |     5 ||     9
  Dodge: Dodged            |    61 |    79 ||   140
  Block: Other             |     3 |    22 ||    25

Table legend: (Time is in decaauts)
 A = Elapsed time spent in this place.
 B = Non-inter-level travel time spent in this place.
 C = Inter-level travel time spent in this place.
 D = Time resting spent in this place.
 E = Time spent auto-exploring this place.
 F = Levels seen in this place.
 G = Mean time per level.
                   A        B        C        D        E       F      G
               +--------+--------+--------+--------+--------+-----+--------+
         Total |   3644 |   3612 |     32 |   1252 |   1676 |   6 |  607.3 |
       Dungeon |   3546 |   3516 |     30 |   1252 |   1598 |   5 |  709.2 |
        Temple |     97 |     95 |      2 |      0 |     78 |   1 |   97.0 |
               +--------+--------+--------+--------+--------+-----+--------+

Top non-repeatable levels by time:
     D:1: 1125 daAuts
     D:4: 918 daAuts
     D:3: 890 daAuts
     D:2: 430 daAuts
     D:5: 182 daAuts
  Temple: 97 daAuts
